 Dungeon Crawl Stone Soup version 0.23-a0-164-g7711e57 (webtiles) character file.

1299 mhoghedin the Skirmisher (level 8, -48/51 HPs)
             Began as a Kobold Fighter on Sept 9, 2018.
             Was an Elder of Uskayaw.
             Annihilated by a very large slime creature (57 damage)
             ... on level 5 of the Dungeon.
             The game lasted 00:08:58 (4234 turns).

mhoghedin the Skirmisher (Kobold Fighter)           Turns: 4234, Time: 00:08:59

Health: -48/51     AC:  9    Str: 16    XL:     8   Next: 87%
Magic:  8/9        EV: 13    Int:  9    God:    Uskayaw [****..]
Gold:   285        SH: 11    Dex: 22    Spells: 7/7 levels left

rFire    . . .     SeeInvis .   s - +4 dagger (elec)
rCold    . . .     Gourm    .   c - +0 shield
rNeg     . . .     Faith    .   b - +0 scale mail
rPois    .         Spirit   .   x - +0 helmet
rElec    .         Reflect  .   (no cloak)
rCorr    .         Harm     .   t - +0 pair of gloves
MR       .....                  (no boots)
Stlth    ..........             (no amulet)
HPRegen  0.17/turn              u - +5 ring of dexterity
MPRegen  0.11/turn              z - +3 ring of dexterity

@: about to teleport
A: small, carnivore
a: Stomp, Line Pass, Renounce Religion


You were on level 5 of the Dungeon.
You worshipped Uskayaw.
Uskayaw was noncommittal.
You were not hungry.

You visited 1 branch of the dungeon, and saw 5 of its levels.

You collected 285 gold pieces.

Inventory:

Hand Weapons
 a - a +0 long sword
 h - a +2 short sword of venom
   (You took it off a kobold on level 1 of the Dungeon)
 i - a +0 dagger of draining
   (You took it off a kobold on level 1 of the Dungeon)
 s - a +4 dagger of electrocution (weapon)
   (You took it off an orc priest on level 3 of the Dungeon)
Armour
 b - a +0 scale mail (worn)
 c - a +0 shield (worn)
 t - a +0 pair of gloves (worn)
   (You found it on level 4 of the Dungeon)
 x - a +0 helmet (worn)
   (You found it on level 4 of the Dungeon)
Jewellery
 u - a +5 ring of dexterity (left hand)
   (You found it on level 4 of the Dungeon)
 z - a +3 ring of dexterity (right hand)
   (You found it on level 5 of the Dungeon)
Wands
 l - a wand of iceblast (22)
   (You found it on level 2 of the Dungeon)
Scrolls
 e - 5 scrolls of teleportation
 k - a scroll of immolation {!r}
 m - 2 scrolls of amnesia
 n - a scroll of remove curse
 p - a scroll of enchant weapon
 r - 3 scrolls of identify
 w - a scroll of noise {unknown}
Potions
 d - a potion of berserk rage {unknown}
 g - 3 potions of heal wounds
 j - 3 potions of lignification {!q}
 o - a potion of cancellation {unknown}
 q - a potion of invisibility {unknown}
 v - 2 potions of mutation {unknown}
Comestibles
 f - 12 rations


   Skills:
 + Level 5.9 Fighting
 + Level 5.4(5.8) Short Blades
 - Level 1.6(2.7) Long Blades
 + Level 4.4 Armour
 + Level 5.0 Dodging
 + Level 4.4 Shields
 + Level 1.4 Invocations


You had 7 spell levels left.
You didn't know any spells.
Your spell library was empty.

Dungeon Overview and Level Annotations

Branches:
Dungeon (5/15)             Temple (0/1) D:5

Altars:
Uskayaw


Innate Abilities, Weirdness & Mutations

You are small and have problems with some larger weapons.
You are carnivorous and can eat meat at any time.


Message History

You completely miss the big kobold. You block the kobold's attack.
You block the big kobold's attack.
You hit the big kobold. You block the big kobold's attack.
The kobold barely misses you.
You hit the big kobold.
Lightning courses through the big kobold!
You kill the big kobold!
Your Invocations skill increases to level 1!
You block the big kobold's attack. You block the kobold's attack.
You hit the big kobold.
Lightning courses through the big kobold!
You block the big kobold's attack.
Uskayaw will force your foes to helplessly watch your dance.
Uskayaw prepares the audience for your solo!
The helpless big kobold fails to defend itself.
You impale the big kobold!!
You kill the big kobold!
Your Dodging skill increases to level 5!
The helpless kobold fails to defend itself.
You impale the kobold!!
You kill the kobold!
No target in view!
Things that are here:
a whip; a short sword; a kobold corpse
Things that are here:
a stone; a whip
There is an open gate here.
Things that are here:
a dagger; a big kobold corpse
Things that are here:
a whip; a short sword; a kobold corpse Uskayaw will no longer force your foes to helplessly watch your dance.
You can no longer pass through a line of other dancers.
You open the door.
There is an open door here.
A kobold comes into view. It is wielding a short sword.
The kobold shouts!
Health restored: 51 You miss the kobold.
Your shield prevents you from hitting the kobold.
The kobold misses you.
You barely miss the kobold. The kobold completely misses you.
You closely miss the kobold. You block the kobold's attack.
You hit the kobold.
You kill the kobold!
No target in view!
No target in view!
Things that are here:
a short sword; a kobold corpse As you open the door, it creaks loudly! 2 oozes come into view.
The ooze quivers. x2
There are monsters nearby! 3 oozes, 2 jellies and 3 slime creatures come into view.
The jelly quivers.
The ooze quivers. x2; The jelly quivers.
The slime creature quivers. x2; The ooze quivers.
The slime creature hits you!
There is an open door, spattered with blood here.
You take 10 damage, and have 41/51 hp.
You hit the slime creature.
Two slime creatures merge to form a large slime creature.
Unknown command.
You hit the ooze. You block the ooze's attack.
You hit the ooze. You block the ooze's attack.
You puncture the ooze!
You kill the ooze!
You can now pass through a line of other dancers.
You hit the ooze. Lightning courses through the ooze! You hit the ooze.
You kill the ooze!
You block the ooze's attack.
You hit the ooze but do no damage. The ooze barely misses you.
You hit the ooze. Lightning courses through the ooze!
You kill the ooze!
Uskayaw will force your foes to helplessly watch your dance.
The ooze hits you but does no damage.
You hit the ooze. Lightning courses through the ooze!
You kill the ooze!
The very large slime creature jiggles.
You hit the very large slime creature.
Lightning courses through the very large slime creature!
Uskayaw will force your foes to share their pain.
Uskayaw links your audience in an emotional bond!
You hit the very large slime creature.
The very large slime creature hits you!!
Ouch! That really hurt!
* * * LOW HITPOINT WARNING * * *
You take 35 damage, and have 8/51 hp.
MASSIVE DAMAGE!!
The very large slime creature is no longer sharing its pain.
Uskayaw prepares the audience for your solo!
The ooze is no longer paralysed.
The very large slime creature is no longer paralysed.
Things that are here:
a short sword; a kobold corpse
As you read the scroll of teleportation, it crumbles to dust.
You feel strangely unstable.
The very large slime creature hits you!!!
Ouch! That really hurt!
You die...

#.##.##.#
##.....###.##.#,*
#.#*,*#.#
#.......##....#.#
#.#*,*#.#
#.......##<.....#
#.##.##.#
#)......##.#########
#.##.##.#
#....)..##..........
#.##.##.#
####....##########..
#.##.##.# ##..'....#
#.. #.##.##)#
#.######## #..
#.##.##)# ##..@JJJ##
#.. #..PPP..#
*#######'#* #..
#....P..#
*.J.P.P...# ###
#..P>...#
*÷.JJJ....#
##.PP.P.#
*.÷.P.÷J..# #.P.P..#
*.......÷.# ##.....#
*÷......÷.# #######
*[P.....P.#
*##########


You could see a very large slime creature, a jelly and an ooze.

Vanquished Creatures
  The ghost of Inarius the Chucker, an amateur OgHu of Cheibriados (D:4)
  The ghost of derval the Insei, an amateur GnTm (D:3)
  A phantom (D:4)
  An ogre (D:4)
  3 big kobolds (D:5)
  A howler monkey (D:4)
  3 quasits (D:4)
  2 orc priests
  3 orc wizards
  3 worker ants
  A hound skeleton (D:5)
  6 adders
  4 oozes (D:5)
  An adder zombie (D:5)
  5 worms
  3 dart slugs
  2 leopard geckos
  8 orcs
  8 bats
  3 giant cockroaches
  13 goblins
  6 hobgoblins
  8 jackals
  A quokka (D:3)
  2 ball pythons
  6 frilled lizards
  A giant cockroach zombie (D:5)
  A jackal skeleton (D:4)
  13 kobolds
  6 rats
117 creatures vanquished.

Vanquished Creatures (others)
  2 fungi (D:5)
  10 toadstools (D:5)
12 creatures vanquished.

Grand Total: 129 creatures vanquished

Notes
Turn   | Place    | Note
-------+----------+-------------------------------------------
     0 | D:1      | mhoghedin the Kobold Fighter began the quest for the Orb.
     0 | D:1      | Reached XP level 1. HP: 14/14 MP: 1/1
   243 | D:1      | Reached XP level 2. HP: 19/19 MP: 2/2
   381 | D:1      | Reached skill level 1 in Dodging
   405 | D:1      | Reached skill level 1 in Short Blades
   405 | D:1      | Reached XP level 3. HP: 21/23 MP: 3/3
  1029 | D:2      | Reached XP level 4. HP: 29/29 MP: 4/4
  1401 | D:3      | Reached skill level 2 in Dodging
  1657 | D:3      | Reached skill level 2 in Short Blades
  1657 | D:3      | Reached XP level 5. HP: 32/33 MP: 5/5
  1771 | D:3      | Reached skill level 4 in Fighting
  1772 | D:3      | Noticed derval's ghost (amateur GnTm)
  1796 | D:3      | Reached skill level 3 in Armour
  1796 | D:3      | Reached skill level 3 in Shields
  1966 | D:3      | Found a transporter.
  1969 | D:3      | Found a transporter.
  2413 | D:3      | Reached XP level 6. HP: 38/38 MP: 6/6
  2753 | D:3      | Killed derval's ghost
  2753 | D:3      | Reached skill level 3 in Short Blades
  2753 | D:3      | Reached skill level 3 in Dodging
  2863 | D:4      | Found a transporter.
  2870 | D:4      | Noticed Inarius's ghost (amateur OgHu)
  2924 | D:4      | Found a transporter.
  3004 | D:4      | Noticed an ogre
  3013 | D:4      | Killed an ogre
  3013 | D:4      | Reached XP level 7. HP: 27/44 MP: 7/7
  3391 | D:4      | Reached skill level 5 in Fighting
  3391 | D:4      | Reached skill level 4 in Short Blades
  3555 | D:4      | Killed Inarius's ghost
  3555 | D:4      | Reached skill level 4 in Armour
  3555 | D:4      | Reached skill level 4 in Dodging
  3555 | D:4      | Reached skill level 4 in Shields
  3555 | D:4      | Reached XP level 8. HP: 48/50 MP: 8/8
  3629 | D:5      | Entered Level 5 of the Dungeon
  3666 | D:5      | Found a hide-covered altar of Uskayaw.
  3826 | D:5      | Reached skill level 5 in Short Blades
  3897 | D:5      | Became a worshipper of Uskayaw the Reveler
  4090 | D:5      | Found a staircase to the Ecumenical Temple.
  4098 | D:5      | Reached * piety under Uskayaw
  4100 | D:5      | Reached ** piety under Uskayaw
  4183 | D:5      | Reached skill level 1 in Invocations
  4184 | D:5      | Reached *** piety under Uskayaw
  4185 | D:5      | Reached skill level 5 in Dodging
  4214 | D:5      | Noticed a slime creature
  4214 | D:5      | Noticed a slime creature
  4214 | D:5      | Noticed a slime creature
  4229 | D:5      | Reached **** piety under Uskayaw
  4230 | D:5      | HP: 8/51 [very large slime creature (35)]
  4234 | D:5      | Annihilated by a very large slime creature

Vault maps used:
D:1:      dpeg_arrival_circle_labyrinth_c
D:3:      kennysheep_the_goblin_king, gammafunk_ghost_arena,
          uniq_crazy_yiuf_cottage
D:4:      gammafunk_ghost_stat_death, first_ration
D:5:      cheibrodos_fertilizer, kennysheep_mini, minmay_temple_entry_overgrown

Skill      XL: |  1  2  3  4  5  6  7  8 |
---------------+-------------------------+-----
Dodging        | 1 2 3 4 5 |  5.0
Short Blades   | 1 2 3 4 5 |  5.4
Fighting       | 4 5 |  5.9
Armour         | 3 4 |  4.4
Shields        | 3 4 |  4.4
Invocations    | 1 |  1.4
Long Blades    | |  1.6

Action                   |  1- 3 |  4- 6 |  7- 9 || total
-------------------------+-------+-------+-------++-------
Melee: Short sword       |    98 |   108 |       ||   206
       Long sword        |     6 |       |       ||     6
       Dagger            |       |    38 |   151 ||   189
Invok: Stomp             |       |       |     2 ||     2
  Use: Potion            |       |     2 |     2 ||     4
       Scroll            |       |       |    10 ||    10
 Stab: Paralysed         |       |       |     2 ||     2
  Eat: Chunk             |     3 |     4 |     3 ||    10
       Ration            |       |     2 |       ||     2
Armor: Scale mail        |    30 |    52 |    41 ||   123
       Skin              |       |       |    13 ||    13
Dodge: Dodged            |    33 |    57 |    46 ||   136
Block: Shield            |    55 |    66 |    65 ||   186
       Rpst.: Long sword |     3 |       |       ||     3

Table legend:
 A = Non-vault XP
 B = Vault XP
 C = Vault XP percentage of total XP
 D = Non-vault monster count
 E = Vault monster count
 F = Vault count percentage of total count
                 A         B        C        D         E       F
            +---------+---------+-------+---------+---------+-------
      Total |     855 |    1002 |  54.0 |      90 |      27 |  23.1
            +---------+---------+-------+---------+---------+-------
        D:1 |      44 |       0 |   0.0 |      26 |       0 |   0.0
        D:2 |      73 |       0 |   0.0 |      19 |       0 |   0.0
        D:3 |     143 |     203 |  58.7 |      20 |      12 |  37.5
        D:4 |     378 |     469 |  55.4 |      11 |       4 |  26.7
        D:5 |     217 |     330 |  60.3 |      14 |      11 |  44.0
            +---------+---------+-------+---------+---------+-------

Vault maps used:
D:1:      dpeg_arrival_circle_labyrinth_c
D:3:      kennysheep_the_goblin_king, gammafunk_ghost_arena,
          uniq_crazy_yiuf_cottage
D:4:      gammafunk_ghost_stat_death, first_ration
D:5:      cheibrodos_fertilizer, kennysheep_mini, minmay_temple_entry_overgrown

Table legend:
 A = Turns spent in this place as a percentage of turns spent in the entire game.
 B = Non-inter-level travel turns spent in this place as a percentage of non-inter-level travel turns spent in the entire game.
 C = Inter-level travel turns spent in this place as a percentage of turns spent in this place.
 D = Turns resting spent in this place as a percentage of non-inter-level travel turns spent in this place.
 E = Turns spent auto-exploring this place as a percentage of non-inter-level travel turns spent in this place.
 F = Non-inter-level travel turns spent in this place divided by the number of levels of this place that you've seen.
                   A       B       C       D       E      F
               +-------+-------+-------+-------+-------+----------------------
         Total | 100.0 | 100.0 |   5.9 |  18.8 |  60.4 | 797.2
       Dungeon | 100.0 | 100.0 |   5.9 |  18.8 |  60.4 | 797.2
               +-------+-------+-------+-------+-------+----------------------

Table legend:
 A = Kills in this place as a percentage of kills in entire the game.
 B = Kills by you in this place as a percentage of kills by you in the entire game.
 C = Kills by friends in this place as a percentage of kills by friends in the entire game.
 D = Other kills in this place as a percentage of other kills in the entire game.
 E = Experience gained in this place as a percentage of experience gained in the entire game.
 F = Experience gained in this place divided by the number of levels of this place that you have seen.
                   A       B       C       D       E      F
               +-------+-------+-------+-------+-------+----------------------
         Total | 100.0 | 100.0 |   N/A |   N/A | 100.0 | 371.4
       Dungeon | 100.0 | 100.0 |   N/A |   N/A | 100.0 | 371.4
               +-------+-------+-------+-------+-------+----------------------
